 Dungeon Crawl Stone Soup version 0.26-a0-597-gb535b0901c (webtiles) character file.

Game seed: 6894944294088994996

52 Alarkh the Insei (level 3, -9/29 HPs)
             Began as a Demonspawn Monk on Sept 3, 2020.
             Mangled by an orc priest
             ... wielding a cursed -1 war axe
              (10 damage)
             ... on level 3 of the Dungeon.
             The game lasted 00:02:45 (1938 turns).

Alarkh the Insei (Demonspawn Monk)                  Turns: 1938, Time: 00:02:46

Health: -9/29      AC:  5    Str: 11    XL:     3   Next: 60%
Magic:  3/3        EV: 13    Int: 12    God:
Gold:   32         SH:  0    Dex: 15    Spells: 2/2 levels left

rFire    . . .     SeeInvis .     - Unarmed
rCold    + . .     Faith    .   (no shield)
rNeg     . . .     Spirit   .   a - +0 robe
rPois    +         Reflect  .   (no helmet)
rElec    .         Harm     .   (no cloak)
rCorr    .                      (no gloves)
MR       .....                  b - +2 pair of boots
Stlth    +++.......             h - amulet of magic regeneration
HPRegen  0.09/turn              f - ring of stealth
MPRegen  0.33/turn              g - ring of poison resistance

@: invisible
A: cold resistance 1, powered by death 1
a: no special abilities


You were on level 3 of the Dungeon.
You visited 1 branch of the dungeon, and saw 4 of its levels.

You collected 32 gold pieces.

Inventory:

Armour
 a - a +0 robe (worn)
 b - a +2 pair of boots (worn)
Jewellery
 f - a ring of stealth (left hand)
 g - a ring of poison resistance (right hand)
 h - an amulet of magic regeneration (around neck)
Scrolls
 c - a scroll of random uselessness {unknown}
 d - a scroll of noise {unknown}
 j - 2 scrolls of teleportation {unknown}
 k - a scroll of remove curse {unknown}
 l - a scroll of enchant armour {unknown}
 o - a scroll of amnesia {unknown}
 r - a scroll of identify
Potions
 e - a potion of brilliance
 i - a potion of haste
 n - a potion of heal wounds {unknown}


   Skills:
 + Level 3.6 Fighting
 - Level 2.6 Dodging
 - Level 1.7 Stealth
 * Level 3.8 Unarmed Combat


You had 2 spell levels left.
You didn't know any spells.
Your spell library was empty.

Dungeon Overview and Level Annotations

Branches:
Dungeon (4/15)
 Temple: D:4-7

Altars:


Innate Abilities, Weirdness & Mutations

Your flesh is cold resistant. (rC+)
You regenerate a little health from kills.


Message History

There is a stone staircase leading up here.
Okay, then.
You hit the orc priest.
The orc priest is moderately wounded.
The orc priest invokes the aid of Beogh against you.
Beogh smites you!
You hit the orc priest.
The orc priest is severely wounded.
The orc priest hits you with a cursed -1 war axe.
You are too injured to fight recklessly!
Okay, then.
You barely miss the orc priest.
The orc priest is severely wounded.
The orc priest invokes the aid of Beogh against you.
Beogh smites you!
* * * LOW HITPOINT WARNING * * *
It was a potion of invisibility.
You fade into invisibility!
The orc priest hits you with a cursed -1 war axe!
You die...

#.# #.....## #.. ...
####.## #.# #.# #.#
#.###.# #.# #.##..# #+#
##'## #.##..###..#
##...## #.....<...#
##.....## #.##.(#o###
##..o....##
#....o...####...@.....#
............+.........+
###......####.........#
#...#.## ##.......##
##.#### ##.....## #.#
##...## #.# ##+## ...
..#


You could see an orc priest.

Vanquished Creatures
  An adder (D:3)
  2 dart slugs
  A leopard gecko (D:1)
  3 orcs (D:2)
  2 bats (D:1)
  A giant cockroach (D:2)
  9 goblins
  3 hobgoblins
  A quokka (D:2)
  4 frilled lizards
  4 kobolds (D:1)
  2 rats
33 creatures vanquished.

Notes
Turn   | Place    | Note
-------+----------+-------------------------------------------
     0 | D:1      | Alarkh the Demonspawn Monk began the quest for the Orb.
     0 | D:1      | Reached XP level 1. HP: 18/18 MP: 1/1
   155 | D:1      | Gained mutation: You regenerate a little health from kills.
                  | [demonic ancestry]
   155 | D:1      | Reached XP level 2. HP: 21/24 MP: 2/2
   809 | D:2      | Gained mutation: Your flesh is cold resistant. (rC+)
                  | [demonic ancestry]
   809 | D:2      | Reached XP level 3. HP: 29/29 MP: 3/3
   994 | D:2      | You fall into a shaft and drop 2 floors!
  1937 | D:3      | HP: 1/29 [orc priest/divine providence (11)]
  1938 | D:3      | Mangled by an orc priest

Illustrated notes

Levels and vault maps discovered:
D:1:      dpeg_arrival_erosion, layout_loops_cross
D:2:      layout_loops_ring
D:3:      layout_loops_corners, chequers_serial_rivers_room_b,
          kennysheep_orc_chapel
D:4:      layout_rooms, minmay_temple_entry_tees, eino_curves_04,
          minmay_misc_feat_x

Skill      XL: |  1 |
---------------+----+-----
Unarmed Combat | 3 |  3.8
Fighting       | |  3.6
Dodging        | |  2.6
Stealth        | |  1.7

Action                   || total
-------------------------++-------
Melee: Unarmed           ||   120
       Punch             ||     3
  Use: Scroll            ||     3
       Potion            ||     2
 Stab: Sleeping          ||     6
Armor: Robe              ||    19
Dodge: Dodged            ||    73

Table legend: (Time is in decaauts)
 A = Elapsed time spent in this place.
 B = Non-inter-level travel time spent in this place.
 C = Inter-level travel time spent in this place.
 D = Time resting spent in this place.
 E = Time spent auto-exploring this place.
 F = Levels seen in this place.
 G = Mean time per level.
                   A        B        C        D        E       F      G
               +--------+--------+--------+--------+--------+-----+--------+
         Total |   1934 |   1901 |     33 |    421 |   1178 |   4 |  483.5 |
       Dungeon |   1934 |   1901 |     33 |    421 |   1178 |   4 |  483.5 |
               +--------+--------+--------+--------+--------+-----+--------+

Top non-repeatable levels by time:
     D:2: 1021 daAuts
     D:1: 758 daAuts
     D:3: 115 daAuts
     D:4: 39 daAuts
